 Dungeon Crawl Stone Soup version 0.31-a0-819-gf6de2f5ab6 (webtiles) character file.

Game seed: 885294673288276120

23 qw the Shooter (level 3, -1/21 HPs)
             Began as a Gargoyle Hunter on Sept 23, 2023.
             Slain by a quokka (3 damage)
             ... on level 1 of the Dungeon.
             The game lasted 00:00:10 (393 turns).

qw the Shooter (Gargoyle Hunter)                     Turns: 393, Time: 00:00:11

Health: -1/21      AC:  6    Str: 14    XL:     3   Next: 0%
Magic:  3/3        EV: 11    Int:  9    God:
Gold:   47         SH:  0    Dex: 15    Spells: 2/2 levels left

rFire   . . .        a - +0 shortbow
rCold   . . .        (shield currently unavailable)
rNeg    + . .        c - +0 leather armour
rPois   inf          (no helmet)
rElec   +            (no cloak)
rCorr   .            (no gloves)
SInv    .            (no boots)
Will    .....        (no amulet)
Stlth   ++           (no ring)
HPRegen 0.23/turn    (no ring)
MPRegen 0.08/turn

%: no passive effects
@: no status effects
A: sickness immunity, AC +3, negative energy resistance 1, electricity
resistance, torment resistance 1, petrification resistance
a: no special abilities


You were on level 1 of the Dungeon.
You visited 1 branch of the dungeon, and saw 1 of its levels.

You collected 47 gold pieces.


Innate Abilities, Weirdness & Mutations

You are immune to sickness and miasma.
Your stone body is resilient. (AC +3)
You are immune to poison.
You resist negative energy. (rN+)
You are resistant to electric shocks. (rElec)
You are resistant to unholy torment.
You are immune to petrification.


   Skills:
 - Level 2.1 Fighting
 + Level 4.9 Ranged Weapons
 - Level 1.5 Dodging
 - Level 1.1 Stealth


You had 2 spell levels left.
You didn't know any spells.
Your spell library was empty.

Inventory:

Hand Weapons
 a - a +0 shortbow (weapon)
Armour
 c - a +0 leather armour (worn)
Scrolls
 b - a scroll of butterflies
 d - a scroll of amnesia {unknown}
 e - a scroll of identify {unknown}
 f - a scroll of enchant armour {unknown}
 g - a scroll of teleportation {unknown}

Dungeon Overview and Level Annotations

Branches:
Dungeon (1/15)

Altars:


Message History

Found a scroll labelled YGEWUUREEZ.
You shoot an arrow.
The arrow hits the quokka but does no damage.
The kobold shouts!
You shoot an arrow.
The arrow hits the quokka but does no damage.
The quokka closely misses you. x2
You shoot an arrow. The arrow closely misses the quokka.
The quokka barely misses you.
You shoot an arrow. The arrow barely misses the kobold.
The quokka bites you.
A ball python comes into view.
The kobold hits you with a +0 whip. The quokka barely misses you.
You shoot an arrow. The arrow closely misses the kobold.
The ball python hisses angrily.
The kobold hits you but does no damage. The quokka bites you.
You shoot an arrow. The arrow closely misses the kobold.
The quokka misses you. The kobold hits you but does no damage.
The quokka bites you.
You shoot an arrow. The arrow closely misses the kobold.
The kobold hits you with a +0 whip.
The quokka bites you but does no damage.
The kobold barely misses you.
You shoot an arrow. The arrow hits the kobold.
You kill the kobold!
The quokka bites you but does no damage.
You shoot an arrow. The arrow hits the ball python.
You kill the ball python!
The quokka bites you. The quokka barely misses you.
You have reached level 3!
Your experience leads to an increase in your attributes!
Increase (S)trength, (I)ntelligence, or (D)exterity?
You feel agile. x2
You shoot an arrow. The arrow barely misses the quokka.
The quokka barely misses you.
You shoot an arrow. The arrow hits the quokka.
The quokka is almost dead.
The quokka bites you but does no damage.
The quokka bites you.
You die...

#..# #..#.#
#..####
#.#..#
#.....#
#.##..
#.###.# . ..#
#.# #.# # #.#
#.# #.# #.#
#.# #.# #.#
#.# #.# #@#
#...r:).?....
#####......#.
####.#...
..... ##. #


You could see a quokka.

Vanquished Creatures
  2 dart slugs (D:1)
  A bat (D:1)
  3 endoplasms (D:1)
  2 giant cockroaches (D:1)
  2 hobgoblins (D:1)
  4 kobolds (D:1)
  2 ball pythons (D:1)
  A frilled lizard (D:1)
17 creatures vanquished.

Notes
Turn   | Place    | Note
-------+----------+-------------------------------------------
     0 | D:1      | qw the Gargoyle Hunter began the quest for the Orb.
     0 | D:1      | Reached XP level 1. HP: 12/12 MP: 1/1
     0 | D:1      | 0 ||| qw: Version: 0.3-a-83-gcd0e7d8
     0 | D:1      | 0 ||| qw: Game counter: 1753
     0 | D:1      | 0 ||| qw: Melee chars always use a shield: true
     0 | D:1      | 0 ||| qw: God list: Okawaru
     0 | D:1      | 0 ||| qw: Allow faded altars: false
     0 | D:1      | 0 ||| qw: Do Orc after clearing Dungeon:15 true
     0 | D:1      | 0 ||| qw: Do second Lair branch before Depths: true
     0 | D:1      | 0 ||| qw: Lair rune preference: random
     0 | D:1      | 0 ||| qw: Goals: Normal
     0 | D:1      | 0 ||| PLANNING D:1-11
   184 | D:1      | Reached XP level 2. HP: 17/17 MP: 2/2
   389 | D:1      | HP: 4/17 [kobold/+0 whip (3)]
   391 | D:1      | HP: 1/17 [quokka (3)]
   392 | D:1      | Reached XP level 3. HP: 2/21 MP: 3/3
   393 | D:1      | Slain by a quokka

Levels and vault maps discovered:
D:1:      eino_arrival_cavern_d, layout_loops_ring

Action                     || total
---------------------------++-------
   Fire: Shortbow          ||    53
 Armour: Leather armour    ||    18
  Dodge: Dodged            ||    14

Table legend:
 A = Non-vault XP
 B = Vault XP
 C = Vault XP percentage of total XP
 D = Non-vault monster count
 E = Vault monster count
 F = Vault count percentage of total count
                 A         B        C        D         E       F
            +---------+---------+-------+---------+---------+-------
      Total |      34 |       0 |   0.0 |      17 |       0 |   0.0
            +---------+---------+-------+---------+---------+-------
        D:1 |      34 |       0 |   0.0 |      17 |       0 |   0.0
            +---------+---------+-------+---------+---------+-------
